 Dungeon Sprint DCSS version 0.29-a0-320-g9f8742066b (webtiles) character file.

Game seed: 15453658000437767565

1043 mhtbhm the Protected (level 8, -4/57 HPs)
             Began as a Gargoyle Fighter on Apr 2, 2022.
             Was a Believer of Okawaru.
             Killed from afar by a deep elf pyromancer (31 damage)
             ... with a bolt of fire
             ... in the Dungeon (Sprint IX: "|||||||||||||||||||||||||||||").
             The game lasted 00:01:07 (509 turns).

mhtbhm the Protected (Gargoyle Fighter)              Turns: 509, Time: 00:01:07

Health: -4/57      AC: 21    Str: 22    XL:     8   Next: 25%
Magic:  8/8        EV:  9    Int: 12    God:    Okawaru [**....]
Gold:   0          SH:  6    Dex: 12    Spells: 7/7 levels left

rFire   . . .      SeeInvis .   a - +2 morningstar (vorpal)
rCold   . . .      Faith    .   c - +0 buckler
rNeg    + . .      Spirit   .   b - +1 chain mail
rPois   ∞          Reflect  .   (no helmet)
rElec   +          Harm     .   n - +0 cloak
rCorr   .          Rampage  .   m - +0 pair of gloves
Will    .....      NoTele   +   (no boots)
Stlth   ..........              (no amulet)
HPRegen 0.19/turn               o - +3 ring of intelligence
MPRegen 0.11/turn               p - +3 ring of dexterity

@: invisible
A: sickness immunity, AC +5, negative energy resistance 1, electricity
resistance, torment resistance 1, petrification resistance
a: Renounce Religion, Heroism


You were in the Dungeon.
You worshipped Okawaru.
Okawaru was pleased with you.
You visited 1 branch

Inventory:

Hand Weapons
 a - a +2 vorpal morningstar (weapon)
Armour
 b - a +1 chain mail (worn)
 c - a +0 buckler (worn)
 m - a +0 pair of gloves (worn)
 n - a +0 cloak (worn)
Jewellery
 o - a +3 ring of intelligence (left hand)
 p - a +3 ring of dexterity (right hand)
Wands
 l - a wand of iceblast (5)
Scrolls
 j - 2 scrolls of blinking
 k - 2 scrolls of amnesia
Potions
 e - 5 potions of curing
 f - 2 potions of heal wounds
 g - a potion of haste
 h - 4 potions of magic
 i - a potion of berserk rage


   Skills:
 + Level 9.9 Fighting
 + Level 8.4 Maces & Flails
 + Level 11.3 Armour
 + Level 2.1 Dodging
 + Level 9.5 Shields
 + Level 1.0 Evocations


You had 7 spell levels left.
You didn't know any spells.
Your spell library was empty.

Dungeon Overview and Level Annotations

Branches:
Dungeon (1/1)

Altars:
Cheibriados
Dithmenos
Elyvilon
Fedhas
Gozag
Hepliaklqana
Kikubaaqudgha
Makhleb
Nemelex Xobeh
Okawaru
Qazlal
Ru
Sif Muna
Trog
Uskayaw
Vehumet
Wu Jian
Xom
Yredelemnul
Zin
The Shining One
Beogh
Jiyva
Lugonu


Innate Abilities, Weirdness & Mutations

You are immune to sickness and miasma.
Your stone body is resilient. (AC +5)
You are immune to poison.
You resist negative energy. (rN+)
You are resistant to electric shocks. (rElec)
You are resistant to unholy torment.
You are immune to petrification.


Message History

Things that are here:
a +0 trident; a +0 plate armour; an orc skeleton You open the door. 3 centaur warriors, a meliai, a blink frog and a deep elf pyromancer come into view.
The centaur warrior shouts! x3; The blink frog croaks.
The deep elf pyromancer shouts!
The deep elf pyromancer gestures wildly while chanting.
Unknown command.
You fade into invisibility!
The fire elemental hits you. The fire elemental burns you!
You closely miss the fire elemental. The fire elemental barely misses you.
The deep elf pyromancer gestures at the fire elemental while chanting.
The bolt of fire hits the fire elemental.
The fire elemental completely resists.
The bolt of fire misses you.
You thump the fire elemental!
The fire elemental is heavily damaged.
You block the fire elemental's attack. x2
The deep elf pyromancer casts a spell.
Unknown command.
You barely miss the fire elemental.
The fire elemental is heavily damaged.
The fire elemental hits you. The fire elemental burns you!
Unknown command.
You closely miss the fire elemental.
The fire elemental is heavily damaged.
The fire elemental hits you. The fire elemental burns you!
The fire elemental barely misses you.
Unknown command.
You closely miss the fire elemental.
The fire elemental is heavily damaged.
You block the fire elemental's attack.
Unknown command.
You completely miss the fire elemental.
The fire elemental is heavily damaged.
The fire elemental misses you.
The deep elf pyromancer casts a spell at the fire elemental.
The bolt of fire hits the fire elemental.
The fire elemental completely resists.
The bolt of fire hits you!!
Ouch! That really hurt!
You die... ▓▓▓▓▓▓▓▓▓▓▓▓▓▓▓▓▓▓▓▓▓▓▓▓ cccyFeE@....))...[..)..' ▓▓▓▓▓▓▓▓▓▓▓▓▓▓▓▓▓▓▓▓▓▓▓▓

You could see 3 centaur warriors, a deep elf pyromancer (can't see you), a blink frog (can't see you), a fire elemental (summoned, can't see you) and a meliai (can't see you).

Vanquished Creatures
  2 trolls (D)
  A wraith (D)
  A wyvern (D)
  An orc warrior (D)
  A phantom (D)
  A necrophage (D)
  A scorpion (D)
  A gnoll shaman (D)
  2 adders (D)
  A bat (D)
  2 endoplasms (D)
  A goblin (D)
  A kobold (D)
16 creatures vanquished.

Notes
Turn   | Place    | Note
-------+----------+-------------------------------------------
     0 | D        | mhtbhm the Gargoyle Fighter began the quest for the Orb.
     0 | D        | Reached XP level 1. HP: 14/14 MP: 1/1
   118 | D        | Noticed a scorpion
   118 | D        | Noticed a phantom
   118 | D        | Noticed a necrophage
   123 | D        | Killed a necrophage
   124 | D        | Reached skill level 5 in Fighting
   124 | D        | Reached skill level 5 in Armour
   124 | D        | Reached skill level 5 in Shields
   124 | D        | Reached XP level 2. HP: 11/21 MP: 2/2
   124 | D        | Reached XP level 3. HP: 14/26 MP: 3/3
   124 | D        | Reached XP level 4. HP: 17/31 MP: 4/4
   133 | D        | Reached skill level 6 in Armour
   148 | D        | Killed a phantom
   149 | D        | Reached skill level 7 in Armour
   149 | D        | Reached XP level 5. HP: 32/37 MP: 5/5
   166 | D        | Found a snail-covered altar of Cheibriados.
   166 | D        | Found a shadowy altar of Dithmenos.
   166 | D        | Found a white marble altar of Elyvilon.
   166 | D        | Found a blossoming altar of Fedhas.
   166 | D        | Found an opulent altar of Gozag.
   167 | D        | Found a hazy altar of Hepliaklqana.
   168 | D        | Found a viscous altar of Jiyva.
   169 | D        | Found an ancient bone altar of Kikubaaqudgha.
   170 | D        | Found a corrupted altar of Lugonu.
   171 | D        | Found a burning altar of Makhleb.
   172 | D        | Found a sparkling altar of Nemelex Xobeh.
   173 | D        | Found an iron altar of Okawaru.
   174 | D        | Found a stormy altar of Qazlal.
   175 | D        | Found a sacrificial altar of Ru.
   176 | D        | Found a shimmering blue altar of Sif Muna.
   177 | D        | Found a bloodstained altar of Trog.
   178 | D        | Found a hide-covered altar of Uskayaw.
   179 | D        | Found a radiant altar of Vehumet.
   180 | D        | Found an ornate altar of the Wu Jian Council.
   181 | D        | Found a shimmering altar of Xom.
   182 | D        | Found a basalt altar of Yredelemnul.
   183 | D        | Found a glowing silver altar of Zin.
   184 | D        | Found a glowing golden altar of the Shining One.
   193 | D        | Became a worshipper of Warmaster Okawaru
   257 | D        | Noticed a wyvern
   257 | D        | Noticed a troll
   257 | D        | Noticed an orc warrior
   257 | D        | Noticed a wraith
   257 | D        | Noticed a troll
   262 | D        | Killed a troll
   262 | D        | Reached * piety under Okawaru
   263 | D        | Reached skill level 9 in Armour
   263 | D        | Reached skill level 1 in Dodging
   263 | D        | Reached XP level 6. HP: 28/45 MP: 6/6
   267 | D        | Killed a wraith
   268 | D        | Reached skill level 10 in Armour
   268 | D        | Reached XP level 7. HP: 30/51 MP: 7/7
   273 | D        | Killed a troll
   273 | D        | Reached ** piety under Okawaru
   275 | D        | Reached skill level 11 in Armour
   275 | D        | Reached XP level 8. HP: 15/57 MP: 8/8
   275 | D        | Killed a wyvern
   276 | D        | Reached skill level 1 in Evocations
   502 | D        | Noticed a centaur warrior
   502 | D        | Noticed a centaur warrior
   502 | D        | Noticed a centaur warrior
   502 | D        | Noticed a meliai
   502 | D        | Noticed a blink frog
   502 | D        | Noticed a deep elf pyromancer
   509 | D        | Killed from afar by a deep elf pyromancer

Illustrated notes

Levels and vault maps discovered:
D:        linesprint [early_d, line_temple, items_1, d_10, items_2, lair_1,
          lair_end, items_3, orc_1, orc_end, items_4, d_15, swamp_1, shoals_1,
          snake_1, spider_1, d_20, vaults_1, items_5, swamp_end, shoals_end,
          snake_end, spider_end, vaults_end, d_27, items_6, zot_1, zot_end,
          crypt_end, forest_end, elf_end, slime_end, tomb_end, abyss_end,
          pan_hell_end]

Skill      XL: |  1  2  3  4  5  6  7  8 |
---------------+-------------------------+-----
Fighting       | 5 6 8 9 |  9.9
Maces & Flails | 3 4 6 8 |  8.4
Armour         | 5 7 9 10 11 | 11.3
Shields        | 5 6 8 9 |  9.5
Dodging        | 1 2 |  2.1
Evocations     | 1 |  1.0

Action                   |  1- 3 |  4- 6 |  7- 9 || total
-------------------------+-------+-------+-------++-------
Melee: Flail             |    13 |    34 |       ||    47
       Morningstar       |       |    10 |     9 ||    19
Evoke: Wand              |       |       |     5 ||     5
  Use: Potion            |       |     2 |     1 ||     3
Armor: Scale mail        |    10 |    21 |       ||    31
       Chain mail        |       |     7 |     7 ||    14
Dodge: Dodged            |     4 |    17 |     4 ||    25
Block: Buckler           |     3 |    14 |     3 ||    20

Table legend: (Time is in decaauts)
 A = Elapsed time spent in this place.
 B = Non-inter-level travel time spent in this place.
 C = Inter-level travel time spent in this place.
 D = Time resting spent in this place.
 E = Time spent auto-exploring this place.
 F = Levels seen in this place.
 G = Mean time per level.
                   A        B        C        D        E       F      G
               +--------+--------+--------+--------+--------+-----+--------+
         Total |    525 |    525 |      0 |    318 |      3 |   1 |  525.0 |
       Dungeon |    525 |    525 |      0 |    318 |      3 |   1 |  525.0 |
               +--------+--------+--------+--------+--------+-----+--------+

Top non-repeatable levels by time:
       D: 525 daAuts
